 Dungeon Crawl Stone Soup version 0.25.0-33-gff14898491 (webtiles) character file.

Game seed: 1070265744918378442

522 Revguard the Skirmisher (level 7, -1/63 HPs)
             Began as an Ogre Skald on July 7, 2020.
             Was an Initiate of Okawaru.
             Slain by an ice beast (9 damage)
             ... on level 4 of the Dungeon.
             The game lasted 00:11:43 (4443 turns).

Revguard the Skirmisher (Ogre Skald)                Turns: 4443, Time: 00:11:43

Health: -1/63      AC:  4    Str: 16    XL:     7   Next: 22%
Magic:  10/12      EV: 10    Int: 14    God:    Okawaru [......]
Gold:   168        SH:  0    Dex: 10    Spells: 8/13 levels left

rFire    . . .     SeeInvis .   k - +0 giant club
rCold    . . .     Gourm    .   (shield currently unavailable)
rNeg     . . .     Faith    .   b - +0 robe
rPois    +         Spirit   .   (helmet restricted)
rElec    .         Reflect  .   g - +0 cloak {MR+}
rCorr    .         Harm     .   (gloves unavailable)
MR       +....                  (boots unavailable)
Stlth    +.........             m - amulet of regeneration
HPRegen  0.60/turn              (no ring)
MPRegen  0.13/turn              (no ring)

@: infused (expiring), hasted, very quick
A: large, unfitting armour, antennae 1, frail 1, poison resistance, tough skin
1, evolution 1
a: Renounce Religion


You were on level 4 of the Dungeon.
You worshipped Okawaru.
Okawaru was noncommittal.
You were hungry.

You visited 1 branch of the dungeon, and saw 5 of its levels.

You collected 168 gold pieces.

Inventory:

Hand Weapons
 k - a +0 giant club (weapon)
Missiles
 j - 16 poisoned darts (quivered)
Armour
 b - a +0 robe (worn)
 g - a +0 cloak of magic resistance (worn)
Jewellery
 m - an amulet of regeneration (around neck)
Scrolls
 a - a scroll of immolation {unknown}
 c - 3 scrolls of random uselessness {unknown}
 e - a scroll of remove curse {unknown}
 h - 5 scrolls of fog {unknown}
 o - a scroll of magic mapping {unknown}
 p - 2 scrolls of identify {unknown}
 q - 2 scrolls of fear {unknown}
 r - a scroll of amnesia {unknown}
 s - 3 scrolls of enchant weapon {unknown}
 u - a scroll of blinking {unknown}
 x - a scroll of enchant armour {unknown}
 y - 2 scrolls of teleportation {unknown}
Potions
 f - a potion of mutation
Comestibles
 d - 9 rations
 l - a chunk of flesh


   Skills:
 + Level 4.0 Fighting
 + Level 3.6 Maces & Flails
 + Level 3.2 Dodging
 * Level 3.9 Spellcasting
 * Level 3.9 Charms
 * Level 2.2 Translocations
 * Level 1.4 Invocations


You had 8 spell levels left.
You knew the following spells:

 Your Spells              Type           Power        Failure   Level  Hunger
a - Infusion              Chrm           ##..         4%          1    None
b - Song of Slaying       Chrm           ##......     6%          2    ##.....
c - Shroud of Golubria    Chrm/Tloc      ##....       9%          2    ##.....

Your spell library contained the following spells:

 Spells                   Type           Power        Failure   Level  Hunger
 Corona                   Hex            #......      21%         1    None
 Ozocubu's Armour         Chrm/Ice       #.......     26%         3    ###....
 Spectral Weapon          Hex/Chrm       #.......     26%         3    ###....
 Ensorcelled Hibernation  Hex/Ice        #.....       30%         2    ##.....
 Confusing Touch          Hex            #.......     52%         3    ###....
 Dazzling Flash           Conj/Hex       #.....       52%         3    ###....
 Tukima's Dance           Hex            #.......     52%         3    ###....


Dungeon Overview and Level Annotations

Branches:
Dungeon (5/15)
 Temple: D:4-7

Altars:
Okawaru
Sif Muna

Shops:
D:4 *

Annotations:
D:5 Grinder


Innate Abilities, Weirdness & Mutations

You are too large for most types of armour.
You have tough skin. (AC +1)
You have a pair of small antennae on your head.
You are frail. (-10% HP)
Your system is resistant to poisons. (rPois)
You evolve.


Message History

The ice beast is almost dead.
The ice beast closely misses you.
You closely miss the ice beast.
The ice beast is almost dead.
The ice beast hits you but does no damage.
The ice beast hits you. The ice beast freezes you!
You barely miss the ice beast.
The ice beast is almost dead.
The ice beast hits you.
* * * LOW HITPOINT WARNING * * *
The ice beast freezes you!
* * * LOW HITPOINT WARNING * * *
Your magical infusion is running out.
The crimson imp summons a swarm of flies.
The crimson imp blinks!
Okay, then.
You feel yourself speed up. The ice beast hits you.
* * * LOW HITPOINT WARNING * * *
The ice beast freezes you!
You die...

######### ........#
........#################
..>.....'......Y@.......#
........###############.#########
........'.............[..........
........################.########
...5....# ####..#### # ........#
#........# # ........# #........#
# ...###### #........# # ####
#...(....# #


You could see an ice beast.

Vanquished Creatures
  An ogre (D:4)
  A howler monkey (D:4)
  2 hounds (D:4)
  Crazy Yiuf (D:2)
  An orc priest (D:4)
  A centaur skeleton (D:3)
  Jessica (D:2)
  2 gnolls (D:3)
  8 adders
  An ooze (D:1)
  An adder skeleton (D:4)
  2 dart slugs
  2 leopard geckos
  7 orcs
  2 ball pythons (D:1)
  6 giant cockroaches
  4 goblins
  7 hobgoblins
  5 jackals (D:4)
  2 quokkas
  6 bats
  3 frilled lizards
  9 kobolds
  A leopard gecko skeleton (D:4)
  8 rats
84 creatures vanquished.

Vanquished Creatures (others)
  Blork the orc (D:4)
1 creature vanquished.

Grand Total: 85 creatures vanquished

Notes
Turn   | Place    | Note
-------+----------+-------------------------------------------
     0 | D:1      | Revguard the Ogre Skald began the quest for the Orb.
     0 | D:1      | Reached XP level 1. HP: 22/22 MP: 3/3
   267 | D:1      | Reached XP level 2. HP: 8/29 MP: 5/5
   274 | D:1      | Learned a level 2 spell: Song of Slaying
   277 | D:1      | Learned a level 2 spell: Shroud of Golubria
  1025 | D:1      | Reached XP level 3. HP: 29/36 MP: 7/7
  1444 | D:2      | Noticed Jessica
  1459 | D:2      | Killed Jessica
  1459 | D:2      | Reached skill level 3 in Fighting
  1459 | D:2      | Reached XP level 4. HP: 17/45 MP: 4/8
  1684 | D:2      | Found a runed translucent door.
  1685 | D:2      | Noticed Crazy Yiuf
  1698 | D:2      | Killed Crazy Yiuf
  1698 | D:2      | Reached skill level 1 in Translocations
  2050 | D:2      | Found a faded altar of an unknown god.
  2068 | D:2      | Reached XP level 5. HP: 37/53 MP: 9/9
  3156 | D:3      | Found an iron altar of Okawaru.
  3222 | D:3      | Became a worshipper of Warmaster Okawaru
  3638 | D:4      | Reached XP level 6. HP: 28/61 MP: 0/11
  3660 | D:4      | Gained mutation: Your system is resistant to poisons.
                  | (rPois) [potion of mutation]
  3660 | D:4      | Gained mutation: You evolve. [potion of mutation]
  3660 | D:4      | Gained mutation: You are frail. (-10% HP) [potion of
                  | mutation]
  3660 | D:4      | Gained mutation: You have a pair of small antennae on your
                  | head. [potion of mutation]
  3856 | D:4      | Found Oxtuh's Elemental Accessories.
  3970 | D:4      | Reached skill level 1 in Invocations
  3970 | D:4      | Reached XP level 7. HP: 18/61 MP: 9/12
  4091 | D:4      | Noticed Blork the orc
  4113 | D:4      | Found a shimmering blue altar of Sif Muna.
  4125 | D:4      | Killed Blork the orc
  4125 | D:4      | Reached skill level 4 in Fighting
  4400 | D:5      | Entered Level 5 of the Dungeon
  4400 | D:5      | Noticed Grinder
  4443 | D:4      | Slain by an ice beast

Illustrated notes

Levels and vault maps discovered:
D:1:      sevenhm_arrival_forest_fort_large_1, layout_basic
D:2:      layout_basic, chequers_ecumenical_altar_simple_redux,
          amethyst_killhole, uniq_jessica, uniq_crazy_yiuf_cottage
D:3:      layout_basic, okawaru_altar_gauntlet_db, first_ration,
          hangedman_abyss_or_decor_lesser_grid
D:4:      layout_basic, tgw_sif, nicolae_elemental_shop
D:5:      layout_basic, kennysheep_ying_yang, serial_shops,
          kennysheep_little_box, uniq_ijyb, uniq_grinder

Skill      XL: |  1  2  3  4  5  6  7 |
---------------+----------------------+-----
Charms         | 3 |  3.9
Maces & Flails | 2 3 |  3.6
Fighting       | 3 4 |  4.0
Spellcasting   | 3 |  3.9
Translocations | 1 2 |  2.2
Dodging        | 3 |  3.2
Invocations    | 1 |  1.4

Action                   |  1- 3 |  4- 6 |  7- 9 || total
-------------------------+-------+-------+-------++-------
Melee: Mace              |    83 |   138 |       ||   221
       Flail             |       |   139 |       ||   139
       Giant club        |       |       |    21 ||    21
Throw: Dart              |       |     9 |    12 ||    21
 Cast: Song of Slaying   |     2 |     5 |       ||     7
       Shroud of Golubri |     1 |     3 |     1 ||     5
       Infusion          |       |     5 |     1 ||     6
  Use: Potion            |       |    11 |     1 ||    12
  Eat: Chunk             |     2 |     9 |     1 ||    12
Armor: Robe              |    39 |   109 |    14 ||   162
Dodge: Dodged            |    69 |   223 |    25 ||   317
